 Dungeon Crawl Stone Soup version 0.32-a0-401-g0bcb2a7693 (webtiles) character file.

Game seed: 16609490118695737571

7952 Asfel the Thaumaturge (level 11, -1/105 HPs)
             Began as a Demonspawn Necromancer on Feb 20, 2024.
             Was a Priest of Yredelemnul.
             Killed by divine providence
             ... invoked by an orc priest
              (14 damage)
             ... on level 2 of the Orcish Mines.
             The game lasted 01:04:53 (9497 turns).

Asfel the Thaumaturge (Demonspawn Necromancer)      Turns: 9497, Time: 01:04:54

Health: -1/105     AC: 29    Str:  8    XL:     11   Next: 3%
Magic:  3/24       EV:  2    Int: 20    God:    Yredelemnul [***...]
Gold:   389        SH:  0    Dex: 14    Spells: 2/29 levels left

rFire   . . .        x - +4 quarterstaff (chaos)
rCold   + . .        (shield currently unavailable)
rNeg    . . .        J - melded +0 leather armour "Uliyxt" {rPois rC- Will+ Stlth+}
rPois   +            g - melded +0 hat
rElec   .            C - melded +0 cloak {Will+}
rCorr   .            s - melded +0 pair of gloves
SInv    .            (boots currently unavailable)
Will    .....        (no amulet)
Stlth   ++           d - ring of protection from cold
HPRegen 0.37/turn    l - +4 ring of protection
MPRegen 0.19/turn

%: no passive effects
@: tree-form, wreathed by umbra
A: stationary, stasis, torment immunity, boosted hp, (horns 2), demonic guardian
3, (spiny 1), (sanguine armour 3)
a: Renounce Religion, Light the Black Torch, Recall Undead Harvest, Hurl
Torchlight


You were on level 2 of the Orcish Mines.
You worshipped Yredelemnul.
Yredelemnul was noncommittal.
You were a tree.
You visited 3 branches of the dungeon, and saw 12 of its levels.

You collected 627 gold pieces.
You spent 238 gold pieces at shops.

Inventory:

Hand Weapons
 m - a +2 vampiric scythe
 x - a +4 quarterstaff of chaos (weapon)
Missiles
 H - a throwing net
Armour
 a - a +0 robe
 g - a +0 hat (melded)
 h - a +2 barding
 n - +0 gold dragon scales
 p - an orb of light
 r - a +3 ring mail
 s - a +0 pair of gloves (melded)
 C - a +0 cloak of willpower (melded)
 J - the +0 leather armour "Uliyxt" (melded) {rPois rC- Will+ Stlth+}
   (You bought it in a shop on level 9 of the Dungeon)

   rC-:       It makes you vulnerable to cold.
   rPois:     It protects you from poison Will+: It increases your willpower.
   Stlth+:    It makes you more stealthy.
Magical Staves
 v - a staff of air
Jewellery
 d - a ring of protection from cold (left branch)
 l - a +4 ring of protection (right branch)
Wands
 B - a wand of charming (11)
 I - a wand of flame (11)
 K - a wand of polymorph (5)
Scrolls
 c - 2 scrolls of fog
 i - a scroll of blinking
 k - 5 scrolls of teleportation {unknown}
 u - 5 scrolls of vulnerability
 y - 2 scrolls of amnesia {unknown}
 z - 6 scrolls of identify
 D - a scroll of enchant armour {unknown}
 F - a scroll of fear
 G - a scroll of poison
Potions
 b - a potion of lignification
 f - a potion of haste
 j - 2 potions of resistance {unknown}
 o - 2 potions of curing
 t - a potion of attraction {unknown}
 w - 2 potions of mutation {unknown}
 A - 2 potions of invisibility {unknown}
 E - 2 potions of ambrosia {unknown}


   Skills:
 + Level 1.1 Fighting
 + Level 0.3(0.4) Polearms
 + Level 0.3(0.4) Staves
 - Level 1.7 Dodging
 - Level 1.7 Stealth
 * Level 9.6 Spellcasting
 * Level 4.3 Conjurations
 * Level 4.2 Summonings
 + Level 8.3 Necromancy
 * Level 4.8 Translocations
 * Level 3.5 Fire Magic
 + Level 0.4 Ice Magic
 * Level 4.1 Air Magic
 * Level 5.2 Invocations
 * Level 3.4 Evocations


You had 2 spell levels left.
You knew the following spells:

 Your Spells              Type           Power      Damage    Failure   Level
a - Necrotise             Necr           100%       1d9       1%          1
b - Vampiric Draining     Necr           43%        2d9       1%          3
c - Call Canine Familiar  Summ           26%        N/A       3%          3
d - Blink                 Tloc           56%        N/A       1%          2
e - Summon Blazeheart Go  Fire/Summ      25%        N/A       14%         4
f - Momentum Strike       Conj/Tloc      54%        3d9       1%          2
g - Fugue of the Fallen   Necr           43%        N/A       1%          3
h - Summon Ice Beast      Ice/Summ       18%        N/A       9%          3
i - Magic Dart            Conj           100%       1d8       1%          1
j - Searing Ray           Conj           54%        2d6       1%          2
k - Hailstorm             Conj/Ice       19%        3d7       9%          3

Your spell library contained the following spells:

 Spells                   Type           Power      Damage    Failure   Level
 Summon Small Mammal      Summ           100%       N/A       1%          1
 Lesser Beckoning         Tloc           56%        N/A       1%          2
 Freeze                   Ice            44%        1d6       6%          1
 Ensorcelled Hibernation  Hex/Ice        20%        N/A       10%         2
 Swiftness                Air            26%        N/A       3%          3
 Curse of Agony           Necr           43%        N/A       6%          5
 Anguish                  Hex/Necr       13%        N/A       13%         4
 Frozen Ramparts          Ice            22%        1d4       19%         3
 Passwall                 Erth           9%         N/A       22%         3
 Fulminant Prism          Conj/Alch      9%         3d7       28%         4
 Sculpt Simulacrum        Ice/Alch       5%         N/A       100%        6
 Chain Lightning          Conj/Air       13%        3d17      100%        9
 Fire Storm               Conj/Fire      12%        8d3       100%        9
 Shatter                  Erth           4%         3d8*      100%        9
 Animate Dead             Necr           Unusable   N/A       N/A         4

Dungeon Overview and Level Annotations

Branches:
Dungeon (9/15)             Temple (1/1) D:4             Orc (2/2) D:9
   Lair: D:8-11         Elf: Orc:2

Altars:
Ashenzari
Cheibriados
Dithmenos
Fedhas
Gozag
Hepliaklqana
Kikubaaqudgha
Nemelex Xobeh
Okawaru
Qazlal
Ru
Sif Muna
Trog
Uskayaw
Vehumet
Wu Jian
Xom
Yredelemnul

Shops:
D:3 (   D:8 [**   D:9 [

Annotations:
Orc:1 3 runed translucent doors, Defao's ghost, journeyman MiBe; Kuwn's ghost, journeyman HuDe; Porueniw's ghost, journeyman OpCK


Innate Abilities, Weirdness & Mutations

You are a tree.
Your roots penetrate the ground, keeping you stationary.
You cannot be teleported.
You are immune to unholy pain and torment.
Your maximum health is greatly increased.
Your equipment is partially melded.
((You have a pair of horns on your head.))
A powerful demonic guardian rushes to your aid.
((You are partially covered in sharp spines.))
((When seriously injured, your blood forms very thick armour. (AC +0)))


Message History

The orc priest invokes the aid of Beogh against you.
Beogh smites you! The troll bites you but does no damage.
The troll claws you but does no damage. x2
The troll bites you but does no damage. The troll completely misses you.
The troll claws you but does no damage.
The orc warrior hits you with a +0 dire flail!
* * * LOW HITPOINT WARNING * * *
The ogre hits your orc knight zombie with a +0 giant club!!!
The orc hits your orc knight zombie with a +0 dagger.
You feel much better.
Your enlightenment fades.
Your orc zombie closely misses the orc warrior.
Your orc knight zombie closely misses the orc.
Your orc zombie hits the ogre but does no damage.
The orc priest hits you but does no damage.
The troll bites you! The troll claws you! The troll barely misses you.
The troll bites you but does no damage. The troll claws you.
The troll claws you!
The orc warrior hits you but does no damage.
Aiming: Throw Flame
Press: ? - help, Q - select action, (/) - cycle Shift-Dir - straight line, f/p - orc priest
Aim: an orc priest, wielding a +0 club (moderately wounded, ally target, umbra, 71% to hit)
The puff of flame hits the orc priest!
The orc priest is almost dead.
Your orc zombie hits the orc warrior but does no damage.
Your orc knight zombie closely misses the troll.
The troll bites you.
* * * LOW HITPOINT WARNING * * *
The troll claws you.
* * * LOW HITPOINT WARNING * * *
The troll claws you but does no damage. The troll bites you!
* * * LOW HITPOINT WARNING * * *
The troll claws you but does no damage. x2
The orc warrior hits you with a +0 dire flail!
* * * LOW HITPOINT WARNING * * *
A demonic guardian appears!
The orc priest calls down the wrath of Beogh upon you.
Beogh smites you!
You die...
Your body rises from the dead as a mindless zombie.

............
#...........
##.........#.
#.........$.#
##......)..#
#...ZZ..).#..
#...OoZ.)<...
#..$♣T......
#...Too3.....
##...........
##..........
...........
............
##.......#...
............


You could see 2 trolls, an orc warrior, an ogre, an orc priest (ally target), an
orc (ally target), a friendly soul eater (summoned), 2 friendly orc zombies and
a friendly orc knight zombie.

Vanquished Creatures
  A two-headed ogre (D:8)
  2 ugly things (D:6)
  A hornet (D:9)
  4 yaks (D:8)
  A water moccasin (D:6)
  An orc warrior (Orc:2)
  A black bear (D:7)
  2 ogres
  4 centaurs
  2 nameless horrors
  A bullfrog (D:7)
  2 scorpions (D:6)
  3 wights
  4 killer bees (D:9)
  4 hounds
  A jelly (D:5)
  5 orc priests
  Crazy Yiuf (D:6)
  A sleepcap (D:7)
  Terence (D:2)
  3 iguanas
  6 orc wizards
  6 adders
  An adder zombie (D:6)
  2 dart slugs
  2 ribbon worms
  10 orcs
  6 endoplasms
  A giant cockroach (D:2)
  8 goblins
  5 hobgoblins
  2 jackals (D:3)
  11 kobolds
  A quokka (D:3)
  3 ball pythons
  8 bats
  2 frilled lizards
  2 rats
121 creatures vanquished.

Vanquished Creatures (collateral kills)
  An orc knight (Orc:2)
  A kobold demonologist (D:6)
  A hornet (D:8)
  Sigmund (D:2)
  5 yaks (D:8)
  The ghost of hattey the Trooper, an amateur HuWn (D:3)
  4 orc warriors
  A black bear (D:4)
  An ice beast (D:5)
  An ogre (D:5)
  3 centaurs
  A kobold brigand (D:9)
  A bullfrog (D:7)
  A gnoll sergeant (D:8)
  5 wights
  A killer bee (D:9)
  A howler monkey (D:4)
  A bombardier beetle (D:7)
  An orc priest (D:6)
  Ijyb (D:3)
  An iguana (D:6)
  6 orc wizards
  3 gnolls (D:8)
  2 adders
  A white imp (D:5)
  2 ufetubi (D:7)
  A ribbon worm (D:2)
  A dart slug (D:3)
  13 orcs
  3 endoplasms
  A giant cockroach (D:4)
  A ball python (D:3)
  A bat (D:3)
  4 kobolds
  2 rats
75 creatures vanquished.

Vanquished Creatures (others)
  4 yak zombies (D:8)
  A centaur zombie (D:8)
  2 scorpion zombies (D:6)
  An ogre zombie (D:5)
  2 hound zombies (D:5)
  3 adder zombies
  An iguana zombie (D:5)
  10 orc zombies
  An endoplasm zombie (D:4)
  A goblin zombie (D:4)
  3 kobold zombies
  A rat zombie (D:3)
30 creatures vanquished.

Grand Total: 226 creatures vanquished

Notes
Turn   | Place    | Note
-------+----------+-------------------------------------------
     0 | D:1      | Asfel the Demonspawn Necromancer began the quest for the
                  | Orb.
     0 | D:1      | Reached XP level 1. HP: 13/13 MP: 3/3
   199 | D:1      | Gained mutation: A weak demonic guardian rushes to your
                  | aid. [demonic ancestry]
   199 | D:1      | Reached XP level 2. HP: 18/19 MP: 1/5
   402 | D:1      | Reached skill level 5 in Necromancy
   613 | D:1      | Gained mutation: A demonic guardian rushes to your aid.
                  | [demonic ancestry]
   613 | D:1      | Reached XP level 3. HP: 24/24 MP: 2/6
  1218 | D:2      | Noticed Terence
  1221 | D:2      | Killed Terence
  1222 | D:2      | Reached skill level 3 in Spellcasting
  1222 | D:2      | Reached XP level 4. HP: 30/30 MP: 4/8
  1272 | D:2      | Noticed Sigmund
  1285 | D:2      | Killed Sigmund
  1286 | D:2      | Reached skill level 4 in Spellcasting
  1286 | D:2      | Gained mutation: When seriously injured, your blood forms
                  | armour. (AC +0) [demonic ancestry]
  1286 | D:2      | Reached XP level 5. HP: 20/35 MP: 4/11
  1398 | D:2      | Found a faded altar of an unknown god.
  1411 | D:2      | Found a shadowy altar of Dithmenos.
  1464 | D:2      | Prayed at the altar of an unknown god.
  1464 | D:2      | Became a worshipper of Yredelemnul the Fallen
  1464 | D:2      | Reached * piety under Yredelemnul
  2065 | D:3      | Gained mutation: You have a pair of small horns on your
                  | head. [demonic ancestry]
  2065 | D:3      | Reached XP level 6. HP: 37/41 MP: 9/13
  2074 | D:3      | Found a transporter.
  2077 | D:3      | Found Femum's Weapon Boutique.
  2121 | D:3      | Found a transporter.
  2126 | D:3      | Noticed hattey's ghost (amateur HuWn)
  2229 | D:3      | Killed hattey's ghost
  2230 | D:3      | Reached skill level 5 in Spellcasting
  2491 | D:3      | Noticed Ijyb
  2507 | D:3      | Killed Ijyb
  2616 | D:3      | Found a shimmering altar of Xom.
  2791 | D:3      | Found a shadowy altar of Dithmenos.
  2918 | D:4      | Learned a level 3 spell: Vampiric Draining
  2922 | D:4      | Learned a level 3 spell: Call Canine Familiar
  2925 | D:4      | Learned a level 2 spell: Blink
  2930 | D:4      | Learned a level 4 spell: Summon Blazeheart Golem
  2933 | D:4      | Learned a level 2 spell: Momentum Strike
  2951 | D:4      | Noticed a nameless horror
  2971 | D:4      | Killed a nameless horror
  3160 | D:4      | Gained mutation: You have a pair of horns on your head.
                  | [demonic ancestry]
  3160 | D:4      | Reached XP level 7. HP: 37/47 MP: 10/15
  3336 | D:4      | Found a staircase to the Ecumenical Temple.
  3341 | D:4      | Reached skill level 1 in Invocations
  3365 | Temple   | Entered the Ecumenical Temple
  3486 | D:4      | Reached skill level 6 in Spellcasting
  3813 | D:5      | Entered Level 5 of the Dungeon
  3869 | D:5      | Reached skill level 1 in Air Magic
  4051 | D:5      | Reached skill level 1 in Evocations
  4171 | D:5      | Reached skill level 1 in Summonings
  4175 | D:5      | Noticed a nameless horror
  4193 | D:5      | Killed a nameless horror
  4357 | D:5      | Gained mutation: When seriously injured, your blood forms
                  | thick armour. (AC +0) [demonic ancestry]
  4357 | D:5      | Reached XP level 8. HP: 28/53 MP: 11/18
  4856 | D:6      | Found a runed translucent door.
  4857 | D:6      | Noticed Crazy Yiuf
  5030 | D:6      | Reached skill level 7 in Spellcasting
  5243 | D:6      | Reached skill level 1 in Translocations
  5243 | D:6      | Noticed a white ugly thing
  5244 | D:6      | Noticed a kobold demonologist
  5276 | D:6      | Killed a white ugly thing
  5277 | D:6      | Reached skill level 1 in Conjurations
  5277 | D:6      | Reached skill level 1 in Fire Magic
  5285 | D:6      | Noticed a white ugly thing
  5301 | D:6      | Noticed an ice devil
  5302 | D:6      | Noticed an ice devil
  5321 | D:6      | Killed a red ugly thing
  5322 | D:6      | Gained mutation: A powerful demonic guardian rushes to your
                  | aid. [demonic ancestry]
  5322 | D:6      | Reached XP level 9. HP: 58/58 MP: 6/20
  5323 | D:6      | Noticed a red devil
  5323 | D:6      | Killed a kobold demonologist
  5355 | D:6      | Learned a level 3 spell: Fugue of the Fallen
  5363 | D:6      | Learned a level 3 spell: Summon Ice Beast
  5521 | D:6      | Reached skill level 8 in Spellcasting
  5974 | D:6      | Killed Crazy Yiuf
  6527 | D:7      | Found a shimmering blue altar of Sif Muna.
  6641 | D:7      | Reached ** piety under Yredelemnul
  6681 | D:7      | Found an iron altar of Okawaru.
  7040 | D:8      | Gained mutation: You are partially covered in sharp spines.
                  | [demonic ancestry]
  7040 | D:8      | Reached XP level 10. HP: 45/64 MP: 12/22
  7346 | D:8      | Found a radiant altar of Vehumet.
  7426 | D:8      | Reached skill level 9 in Spellcasting
  7585 | D:8      | Found Weinoo's General Store.
  7586 | D:8      | Found Risecedd's Assorted Antiques.
  7587 | D:8      | Found Jafuacs's Armour Emporium.
  7752 | D:8      | Learned a level 1 spell: Magic Dart
  7755 | D:8      | Learned a level 2 spell: Searing Ray
  7772 | D:8      | Learned a level 3 spell: Hailstorm
  7968 | D:8      | Noticed a two-headed ogre
  7981 | D:8      | Killed a two-headed ogre
  8967 | D:9      | Found a staircase to the Orcish Mines.
  9154 | D:9      | Found Ruklyled's Antique Armour Shop.
  9163 | D:9      | Reached skill level 1 in Fighting
  9178 | D:9      | Bought a shimmering leather armour for 238 gold pieces
  9178 | D:9      | Identified the +0 leather armour "Uliyxt" {rPois rC- Will+
                  | Stlth+} (You bought it in a shop on level 9 of the Dungeon)
  9320 | Orc:1    | Entered Level 1 of the Orcish Mines
  9325 | Orc:1    | Found a runed translucent gate.
  9325 | Orc:1    | Found a runed translucent gate.
  9325 | Orc:1    | Found a runed translucent gate.
  9332 | Orc:1    | Noticed Porueniw's ghost (journeyman OpCK)
  9332 | Orc:1    | Noticed Kuwn's ghost (journeyman HuDe)
  9335 | Orc:1    | Noticed Defao's ghost (journeyman MiBe)
  9335 | Orc:1    | Noticed Defao's ghost (journeyman MiBe)
  9360 | Orc:1    | Reached *** piety under Yredelemnul
  9361 | Orc:1    | Reached skill level 5 in Invocations
  9474 | Orc:2    | Entered Level 2 of the Orcish Mines
  9474 | Orc:2    | Noticed an orc knight
  9479 | Orc:2    | Killed an orc knight
  9487 | Orc:2    | Gained mutation: When seriously injured, your blood forms
                  | very thick armour. (AC +0) [demonic ancestry]
  9487 | Orc:2    | Reached XP level 11. HP: 45/70 MP: 4/24
  9497 | Orc:2    | Killed from afar by an orc priest

Illustrated notes

Levels and vault maps discovered:
D:1:      tarquinn_simple_flora_water_e, layout_basic
D:2:      layout_basic, shapermc_ecumenical_altar_acropolis, basic_altar,
          minmay_split_cup_large, uniq_sigmund, uniq_terence
D:3:      layout_rooms, mainiacjoe_overflow_catch_the_wave, serial_shops,
          nicolae_shop_waterfront, gammafunk_ghost_mausoleum, bh_walls_and_bars,
          uniq_ijyb
D:4:      layout_basic, old_standard_altar, minmay_temple_entry_junction,
          chequers_decorated_corner
D:5:      layout_loops_ring, serial_bayou, serial_bayou_pond_c,
          serial_bayou_pond_a, serial_bayou_shore_b, serial_bayou_pond_e
D:6:      minmay_chambers_of_sixes, layout_loops_ring, uniq_crazy_yiuf_cottage
D:7:      layout_cave_pools, amcnicky_altar_gilded, okawaru_gym_becter,
          nrook_mini_backslash, nicolae_figureground_pulse
D:8:      layout_basic, nicolae_vehumet_altar_sigil, grunt_decor_resistance,
          nicolae_shop_distant_corner_stores, grunt_ministairs_15, st_stairs_13
D:9:      layout_roguey, orc_0_dummy, serial_shops, nicolae_shop_stone
Temple:   compressed_dpeg_circular_temple
Orc:1:    layout_diamond_mine, gammafunk_ghost_cemetery,
          hellmonk_guarded_unrand_dark_maul
Orc:2:    st_orc_congregation, layout_caves, basic_altar

Skill      XL: |  1  2  3  4  5  6  7  8  9 10 |
---------------+-------------------------------+-----
Necromancy     | 5 6 7 8 |  8.3
Spellcasting   | 3 4 5 6 7 8 9 |  9.6
Invocations    | 1 2 3 5 |  5.2
Air Magic      | 1 2 3 4 |  4.1
Evocations     | 1 2 3 |  3.4
Summonings     | 1 2 3 4 |  4.2
Translocations | 2 3 4 |  4.8
Conjurations   | 1 3 4 |  4.3
Fire Magic     | 1 3 |  3.5
Fighting       | 1 |  1.1
Polearms       | |  0.3
Staves         | |  0.3
Dodging        | |  1.7
Stealth        | |  1.7
Ice Magic      | |  0.4

Action                     |  1- 3 |  4- 6 |  7- 9 | 10-12 || total
---------------------------+-------+-------+-------+-------++-------
  Melee: Unarmed           |     1 |       |       |       ||     1
         Halberd           |       |     9 |    15 |       ||    24
         Headbutt          |       |     2 |     6 |       ||     8
         Quarterstaff      |       |       |    14 |     4 ||    18
   Cast: Necrotise         |    45 |    71 |   106 |    51 ||   273
         Momentum Strike   |       |     2 |     6 |     2 ||    10
         Blink             |       |     1 |       |     1 ||     2
         Call Canine Famil |       |       |     5 |     2 ||     7
         Vampiric Draining |       |       |    16 |     5 ||    21
         Fugue of the Fall |       |       |    10 |       ||    10
         Summon Ice Beast  |       |       |     5 |    10 ||    15
         Searing Ray       |       |       |       |     8 ||     8
         Hailstorm         |       |       |       |     5 ||     5
 Invoke: Light the Black T |       |     2 |     3 |     3 ||     8
         Recall Undead Har |       |     1 |       |     1 ||     2
         Hurl Torchlight   |       |       |     1 |       ||     1
  Evoke: Wand              |       |       |    12 |     7 ||    19
    Use: Scroll            |     2 |     4 |     3 |       ||     9
         Potion            |       |     1 |     7 |     5 ||    13
 Armour: Robe              |    26 |    62 |   128 |    40 ||   256
         Skin              |       |       |     4 |    56 ||    60
         Leather armour    |       |       |       |    19 ||    19
  Dodge: Dodged            |    33 |    59 |   131 |    48 ||   271

Table legend: (Time is in decaauts)
 A = Elapsed time spent in this place.
 B = Non-inter-level travel time spent in this place.
 C = Inter-level travel time spent in this place.
 D = Time resting spent in this place.
 E = Time spent auto-exploring this place.
 F = Levels seen in this place.
 G = Mean time per level.
                   A        B        C        D        E       F      G
               +--------+--------+--------+--------+--------+-----+--------+
         Total |   9524 |   8993 |    531 |      0 |   5961 |  12 |  793.7 |
       Dungeon |   9246 |   8823 |    423 |      0 |   5933 |   9 | 1027.3 |
        Temple |    100 |      4 |     96 |      0 |      0 |   1 |  100.0 |
  Orcish Mines |    177 |    165 |     12 |      0 |     28 |   2 |   88.5 |
               +--------+--------+--------+--------+--------+-----+--------+

Top non-repeatable levels by time:
     D:8: 1637 daAuts
     D:6: 1425 daAuts
     D:1: 1101 daAuts
     D:5: 977 daAuts
     D:2: 936 daAuts
     D:3: 862 daAuts
     D:4: 815 daAuts
     D:7: 794 daAuts
     D:9: 694 daAuts
   Orc:1: 154 daAuts
  Temple: 100 daAuts
   Orc:2: 22 daAuts
